[Event "Late-Titled-Tuesday-Blitz-January-16-2024"]
[Site "Chess.com"]
[Date "2024.01.16"]
[Round "2"]
[White "vova-79"]
[Black "dropstoneDP"]
[Result "0-1"]
[WhiteElo "2607"]
[BlackElo "3016"]
[TimeControl "180+1"]
[EndTime "14:17:31 PST"]
[Termination "dropstoneDP won on time"]

1. d4 d5 2. c4 dxc4 3. e3 Nf6 4. Nf3 e6 5. Bxc4 c5 6. O-O Nc6 7. Qe2 a6 8. Nc3 b5 9. Bb3 Bb7 10. Rd1 Qc7 11. d5 exd5 12. e4 d4 13. Nd5 Qd8 14. Bf4 Rc8 15. a4 c4 16. axb5 axb5 17. Nxd4 Nxd4 18. Rxd4 Bc5 19. Nc7+ Qxc7 20. Bxc7 Bxd4 21. Bxc4 bxc4 22. Qxc4 O-O 23. Qxd4 Rxc7 24. f3 Rfc8 25. Rd1 h6 26. Rd2 Ba6 27. Kf2 Rb7 28. e5 Nh7 29.
b4 Nf8 30. Qd6 Rd7 0-1

[Event "Late-Titled-Tuesday-Blitz-January-16-2024"]
[Site "Chess.com"]
[Date "2024.01.16"]
[Round "2"]
[White "SchmakAttack"]
[Black "Sacbutt"]
[Result "1-0"]
[WhiteElo "2709"]
[BlackElo "2352"]
[TimeControl "180+1"]
[EndTime "14:17:31 PST"]
[Termination "SchmakAttack won on time"]

1. d4 Nf6 2. Nc3 d5 3. Bf4 e6 4. e3 Bd6 5. Nf3 Bxf4 6. exf4 O-O 7. Bd3 b6 8. Ne5 Ba6 9. g4 Bxd3 10. Qxd3 c5 11. g5 Nfd7 12. O-O-O cxd4 13. Qxd4 Nxe5 14. Qxe5 Nc6 15. Qe3 Ne7 16. Ne2 Nf5 17. Qe5 Rc8 18. Nd4 Nxd4 19. Rxd4 Qc7 20. Qe2 Qc5 21. Rhd1 a5 22. h4 b5 23. h5 a4 24. a3 Rc6 25. c3 f6 26. h6 g6 27. f5 exf5 28.
Rxd5 Qc4 29. Qe7 Rc7 30. Rd7 Rxd7 31. Rxd7 Qf1+ 32. Rd1 1-0

[Event "Late-Titled-Tuesday-Blitz-January-16-2024"]
[Site "Chess.com"]
[Date "2024.01.16"]
[Round "2"]
[White "carloseduar100"]
[Black "PepeCuenca"]
[Result "0-1"]
[WhiteElo "2284"]
[BlackElo "2684"]
[TimeControl "180+1"]
[EndTime "14:17:32 PST"]
[Termination "PepeCuenca won by resignation"]

1. g3 d5 2. Bg2 Nf6 3. Nf3 c5 4.
O-O e6 5. d3 Nc6 6. c4 d4 7. a3 a5 8. Bg5 Be7 9. Bxf6 Bxf6 10.
Nbd2 O-O 11. Ne4 Be7 12. e3 f5 13. Ned2 dxe3 14. fxe3 Qxd3 15. Re1 Bf6 16. Rb1 Rd8 17.
Bf1 Qd6 18. e4 Bd7 19. Qe2 Nd4 20. Qd3 Nxf3+ 21. Nxf3 Qxd3 22. Bxd3 Bc6 23. Bc2 g6 24. b3 Kf7 25. Kf2 Rd7 26. e5 Be7 27. Rbd1 Rxd1 28.
Rxd1 Rd8 29. Rxd8 Bxd8 30. Ke3 g5 31. h4 h6 32. hxg5 hxg5 33. Ne1 Bc7 34. Nd3 b6 35. b4 Be4 36. bxc5 bxc5 37. g4 Kg6 38. gxf5+ exf5 39. Ba4 Bxd3 40. Kxd3 Bxe5 41. Bc6 g4 42. a4 Kg5 43.
Ke3 Bd4+ 44. Ke2 f4 45. Be4 f3+ 46. Kf1 Kf4 47. Bd5 g3 0-1

[Event "Late-Titled-Tuesday-Blitz-January-16-2024"]
[Site "Chess.com"]
[Date "2024.01.16"]
[Round "2"]
[White "Mr_November18"]
[Black "BogdanDeac"]
[Result "0-1"]
[WhiteElo "2060"]
[BlackElo "3029"]
[TimeControl "180+1"]
[EndTime "14:17:33 PST"]
[Termination "BogdanDeac won by resignation"]

1. e4 c6 2. d4 d5 3. f3 Qb6 4.
Nc3 dxe4 5. Nxe4 Bf5 6. Ne2 e6 7. N2g3 Bg6 8. c3 h5 9. Bd3 h4 10. Ne2 Nd7 11. Nf4 Bf5 12. Nf2 Nh6 13. O-O Qc7 14. Re1 Bd6 15. Bxf5 Nxf5 16. Nxe6 fxe6 17. Rxe6+ Ne7 18. Bg5 Nf8 19. Re2 Ng6 20. Qc2 O-O-O 21.
Rae1 Rdf8 22. Ng4 h3 23. g3 Rxf3 24. Bxe7 Nxe7 25. Ne5 Rff8 26. Qe4 Bxe5 27. dxe5 Qd7 28. c4 Rd8 29. b4 Qd4+ 30. Kh1 Qxe4+ 31. Rxe4 Rhf8 32.
e6 Rf2 33. Kg1 Rdd2 34. R4e2 Rdxe2 0-1

[Event "Late-Titled-Tuesday-Blitz-January-16-2024"]
[Site "Chess.com"]
[Date "2024.01.16"]
[Round "2"]
[White "Agibileg"]
[Black "KorolDimitriy75"]
[Result "1-0"]
[WhiteElo "2684"]
[BlackElo "2351"]
[TimeControl "180+1"]
[EndTime "14:17:33 PST"]
[Termination "Agibileg won on time"]

1. d4 Nf6 2. c4 c5 3. d5 b5 4. cxb5 a6 5. e3 axb5 6. Bxb5 Qa5+ 7. Nc3 Bb7 8. Bd2 Qb6 9. a4 Nxd5 10. Nxd5 Bxd5 11.
Nf3 e6 12. Bc3 f6 13. Nh4 Kf7 14. O-O g6 15. f4 Bg7 16. f5 Be4 17. fxe6+ dxe6 18.
Nf3 Rf8 19. Ng5+ Kg8 20. Nxe4 Qb7 21. Qf3 Kh8 22. Nxf6 Qxf3 23. Rxf3 Na6 24. Raf1 Nc7 25. Bc6 Rab8 26. Rh3 h5 27. Rg3 Rb6 28. Be4 Nd5 29. Bxd5 exd5 30. Nxd5 Rxf1+ 31. Kxf1 Rd6 32. Ne7 1-0

[Event "Late-Titled-Tuesday-Blitz-January-16-2024"]
[Site "Chess.com"]
[Date "2024.01.16"]
[Round "2"]
[White "Gryffindorac8"]
[Black "ChessSwole"]
[Result "1-0"]
[WhiteElo "2383"]
[BlackElo "2661"]
[TimeControl "180+1"]
[EndTime "14:17:34 PST"]
[Termination "Gryffindorac8 won by resignation"]

1. d4 Nf6 2. c4 e6 3. Nf3 b6 4. g3 Ba6 5. Qc2 Bb7 6. Bg2 c5 7. d5 exd5 8. Nh4 Be7 9. Nc3 O-O 10.
O-O Nc6 11. cxd5 Nb4 12. Qd1 d6 13. a3 Na6 14. Nf5 Nc7 15. e4 Re8 16. Nxe7+ Qxe7 17. a4 h6 18. Bf4 a6 19. Qb3 Nd7 20. Rfe1 Rab8 21.
Rad1 b5 22. e5 c4 23. Qc2 Nc5 24. Re3 Qd7 25. exd6 Na8 26. axb5 axb5 27. Re7 Qg4 28. Rde1 Red8 29. h3 Qc8 30. Rc7 Nd3 31. Rxc8 Rbxc8 32.
Re7 Ba6 33. d7 Rb8 34. Bxb8 Rxb8 35. Re8+ Kh7 36. Rxb8 1-0

[Event "Late-Titled-Tuesday-Blitz-January-16-2024"]
[Site "Chess.com"]
[Date "2024.01.16"]
[Round "2"]
[White "Fandorine"]
[Black "Siniauski"]
[Result "0-1"]
[WhiteElo "2954"]
[BlackElo "2608"]
[TimeControl "180+1"]
[EndTime "14:17:35 PST"]
[Termination "Siniauski won on time"]

1. c4 Nf6 2. g3 e5 3. Bg2 Nc6 4. Nc3 Bb4 5. Nf3 O-O 6. Nd5 Bc5 7. b4 Nxb4 8. Nxb4 Bxb4 9. Nxe5 d6 10. Nf3 Re8 11.
O-O Be6 12. d3 Bc5 13. Rb1 Rb8 14. Bb2 b5 15. Nd4 Bxd4 16. Bxd4 bxc4 17. Rxb8 Qxb8 18.
Bxf6 gxf6 19. dxc4 Qb2 20. Qa4 Rb8 21. Qxa7 c5 22. Qe7 Qe5 23. Qc7 Rb2 24. e3 Bxc4 25. Qc8+ Kg7 26. Qg4+ Kf8 27. Qxc4 Rd2 0-1

[Event "Late-Titled-Tuesday-Blitz-January-16-2024"]
[Site "Chess.com"]
[Date "2024.01.16"]
[Round "2"]
[White "TheMagician"]
[Black "GiorgianBarbosa"]
[Result "0-1"]
[WhiteElo "2156"]
[BlackElo "2483"]
[TimeControl "180+1"]
[EndTime "14:17:35 PST"]
[Termination "GiorgianBarbosa won on time"]

1. d4 Nf6 2. Nc3 g6 3. e4 d5 4. exd5 Nxd5 5. Nxd5 Qxd5 6. Nf3 Bg7 7. c3 O-O 8. Be3 Bg4 9. Be2 Nd7 10. O-O e5 11. h3 exd4 12. cxd4 Bxf3 13. Bxf3 Qb5 14. a4 Qb4 15. a5 a6 16. Qa4 Qxa4 17. Rxa4 c6 18. Rb4 Ra7 19. Rc1 Rc8 20. Rbc4 Bf8 21. b4 Raa8 22. d5 Ne5 23. dxc6 bxc6 24. R4c2 Nxf3+ 25. gxf3 Bxb4 26. Rxc6 Rxc6 27. Rxc6 Bxa5 28. Kf1 Bb4 29.
Ke2 a5 30. Kd3 Bf8 0-1

[Event "Late-Titled-Tuesday-Blitz-January-16-2024"]
[Site "Chess.com"]
[Date "2024.01.16"]
[Round "2"]
[White "momotaro77"]
[Black "Jagerrmeisterr"]
[Result "0-1"]
[WhiteElo "2358"]
[BlackElo "2709"]
[TimeControl "180+1"]
[EndTime "14:17:39 PST"]
[Termination "Jagerrmeisterr won by resignation"]

1. e4 c6 2. d4 g6 3. Nc3 Bg7 4. Bf4 d5 5. e5 f6 6. Nf3 Nh6 7.
Qd2 Nf7 8. O-O-O O-O 9. Re1 a5 10. e6 Nd6 11. h4 b5 12. h5 b4 13. Nd1 Ne4 14. Qe3 Bxe6 15. hxg6 hxg6 16. Bh6 Rf7 17. Bd3 Bf5 18. Bxg7 Rxg7 19. Qh6 Nd7 20. Nh4 Rh7 21. Qe3 Nf8 22. g4 Bxg4 23. f3 g5 24. Ng2 Rxh1 25. Rxh1 Ng3 26. fxg4 Nxh1 27. Qh3 e5 28. dxe5 fxe5 29.
Bf5 Qf6 30. Qxh1 e4 31. Nde3 d4 32. Nc4 e3 33. Ne1 Re8 34. Nd3 e2 35. Qe1 Ng6 36.
Bxg6 Qxg6 37. Nce5 Qe4 38. Qxe2 Qxe2 0-1

[Event "Late-Titled-Tuesday-Blitz-January-16-2024"]
[Site "Chess.com"]
[Date "2024.01.16"]
[Round "2"]
[White "protectiago"]
[Black "Redzishchess"]
[Result "0-1"]
[WhiteElo "2032"]
[BlackElo "2451"]
[TimeControl "180+1"]
[EndTime "14:17:40 PST"]
[Termination "Redzishchess won by resignation"]

1. d4 Nf6 2. c4 g6 3. Nc3 d5 4. cxd5 Nxd5 5. e4 Nxc3 6. bxc3 Bg7 7. Be3 c5 8. Rc1 O-O 9. Qd2 cxd4 10. cxd4 b6 11. Bc4 Bb7 12. f3 e6 13. Ne2 Nc6 14.
O-O Rc8 15. Rfd1 Na5 16. Bd3 Qd7 17. Rxc8 Rxc8 18. Rc1 h5 19. g3 Rxc1+ 20. Qxc1 Qa4 21. Qc2 Qxc2 22. Bxc2 Nc4 23. Bf2 b5 24. Bb3 Nd2 25. Kg2 Nxb3 26. axb3 Kf8 27. Nc3 a6 28. Nd1 Ke7 29.
Ne3 Bxd4 30. Nf5+ exf5 31. Bxd4 fxe4 32. f4 Ke6 33. b4 Kd5 34. Bc5 a5 35. Be7 a4 36. Bf6 Kc4 37. Be7 a3 38. Kf2 Kd3 39. Ke1 e3 40. h3 Bf3 41. Bf6 Kc4 42. Ba1 Kxb4 43. Bd4 a2 0-1

[Event "Late-Titled-Tuesday-Blitz-January-16-2024"]
[Site "Chess.com"]
[Date "2024.01.16"]
[Round "2"]
[White "Zhigalko_Sergei"]
[Black "Ajedrecista3000"]
[Result "1-0"]
[WhiteElo "2962"]
[BlackElo "2579"]
[TimeControl "180+1"]
[EndTime "14:17:41 PST"]
[Termination "Zhigalko_Sergei won by resignation"]

1. e4 c5 2. c3 Nf6 3. e5 Nd5 4. Nf3 e6 5. Bc4 d6 6. d4 cxd4 7. cxd4 Be7 8. O-O O-O 9. Bd2 dxe5 10. dxe5 Bd7 11. Re1 Bc6 12. Nd4 Nb6 13. Nxc6 Nxc6 14. Bf1 Qd4 15. Nc3 Bc5 16. Ne4 Qxe5 17. Qc2 Bd4 18.
Ng5 Qf5 19. Bd3 Qxf2+ 20. Kh1 g6 21. Re4 Qf6 22. Rf1 Qg7 23. Rh4 h5 24. g4 Rac8 25. gxh5 Nb4 26. Qb1 Nxd3 27. Qxd3 Rc5 28. h6 Qe5 29.
h7+ Kh8 30. Qxd4 Qxd4 31. Rxd4 Rf5 32. Rxf5 exf5 33. Bc3 f6 34. Rd8 1-0

[Event "Late-Titled-Tuesday-Blitz-January-16-2024"]
[Site "Chess.com"]
[Date "2024.01.16"]
[Round "2"]
[White "Eloist"]
[Black "dianamirza"]
[Result "1-0"]
[WhiteElo "2442"]
[BlackElo "2001"]
[TimeControl "180+1"]
[EndTime "14:17:41 PST"]
[Termination "Eloist won by resignation"]

1. e4 c5 2. Nf3 e6 3. d4 cxd4 4. Nxd4 Nc6 5. Nc3 a6 6. Be3 Nf6 7. Nxc6 bxc6 8. Bd3 Qc7 9. f4 Be7 10.
O-O O-O 11. Qf3 Rb8 12. b3 d5 13. e5 Nd7 14. Na4 c5 15. c4 d4 16. Bd2 Bb7 17.
Be4 Nb6 18. Ba5 Bxe4 19. Qxe4 Bd8 20. Nxb6 Rxb6 21. f5 exf5 22. Rxf5 Qd7 23. Bxb6 Bxb6 24. Re1 g6 25. Rf6 Ba5 26. e6 fxe6 27. Qxe6+ Qxe6 28. Rxf8+ Kxf8 29. Rxe6 d3 30. Rd6 d2 31. Kf2 Ke7 32.
Rd5 Bb4 33. Ke2 Ke6 34. a3 Bxa3 35. Kxd2 a5 36. Kd3 Bb4 37. Ke4 Kf6 38. Rd7 h5 39. h4 Be1 40. Rd6+ Kf7 41. Rc6 Bxh4 42. Rxc5 Be1 43. Rc7+ Kf6 44. c5 g5 45. Rc6+ Ke7 46. Rh6 h4 47. Kd5 g4 48. c6 h3 49. gxh3 g3 50. Rg6 Kf7 51. Rg4 Kf6 52. c7 Kf5 53.
c8=Q+ 1-0

[Event "Late-Titled-Tuesday-Blitz-January-16-2024"]
[Site "Chess.com"]
[Date "2024.01.16"]
[Round "2"]
[White "GMKrikor"]
[Black "Brahianzevich"]
[Result "1-0"]
[WhiteElo "2719"]
[BlackElo "2438"]
[TimeControl "180+1"]
[EndTime "14:17:42 PST"]
[Termination "GMKrikor won by resignation"]

1. Nf3 d5 2. c4 e6 3. d4 Nf6 4.
cxd5 exd5 5. Nc3 Bb4 6. Bf4 O-O 7. e3 c5 8. Bd3 Nc6 9. dxc5 Bxc3+ 10. bxc3 Qa5 11.
O-O Qxc5 12. Rc1 Bg4 13. c4 Rad8 14. Qe2 d4 15. h3 Bh5 16. e4 Rfe8 17. Rfe1 Bxf3 18.
Qxf3 Ne5 19. Qe2 Nfd7 20. Red1 Qa5 21. Bg3 Nxd3 22. Qxd3 Nc5 23. Qf3 Rxe4 24. Rb1 a6 25. Kh2 h6 26. a4 Qxa4 27. Bc7 Rd7 28. Bb6 Re5 29. Re1 Rxe1 30. Rxe1 Qc6 31. Qxc6 bxc6 32. Bxc5 d3 33. Rd1 a5 34. Kg3 a4 35. Kf3 1-0

[Event "Late-Titled-Tuesday-Blitz-January-16-2024"]
[Site "Chess.com"]
[Date "2024.01.16"]
[Round "2"]
[White "jk13"]
[Black "RianKapriaga"]
[Result "1-0"]
[WhiteElo "2683"]
[BlackElo "2375"]
[TimeControl "180+1"]
[EndTime "14:17:42 PST"]
[Termination "jk13 won on time"]

1. e4 c6 2. Nc3 d5 3. Nf3 Bg4 4. h3 Bxf3 5. Qxf3 Nf6 6. a3 dxe4 7. Nxe4 Nxe4 8. Qxe4 e6 9. d4 Nd7 10. Bc4 Bd6 11.
O-O O-O 12. Re1 Nf6 13. Qf3 h6 14. Bb3 Rc8 15. Be3 Bb8 16. Rad1 a6 17. c4 Re8 18. Bc2 b5 19. b3 a5 20. a4 Nh7 21. Bc1 Qc7 22. g3 Nf6 23. Bxh6 Nh7 24. Bf4 Qe7 25. Bd2 Nf8 26. Bxa5 bxa4 27. bxa4 Qg5 28. Bd2 Qe7 29. h4 Red8 30. Bg5 f6 31. Bc1 Qf7 32.
Be4 c5 33. d5 Be5 34. dxe6 Nxe6 35. Qf5 Nd4 36. Qh7+ Kf8 37. Be3 Qe6 38. Bxd4 Rxd4 39. Bd5 1-0

[Event "Late-Titled-Tuesday-Blitz-January-16-2024"]
[Site "Chess.com"]
[Date "2024.01.16"]
[Round "2"]
[White "th3d4rkness"]
[Black "ExchangeAB"]
[Result "1/2-1/2"]
[WhiteElo "2110"]
[BlackElo "2454"]
[TimeControl "180+1"]
[EndTime "14:17:42 PST"]
[Termination "Game drawn - insufficient material"]

1. d4 d5 2. c4 c6 3. Nf3 Nf6 4.
e3 Bf5 5. Bd3 Bxd3 6. Qxd3 e6 7.
Nbd2 Nbd7 8. O-O Be7 9. e4 dxe4 10. Nxe4 Nxe4 11. Qxe4 Nf6 12. Qe2 O-O 13. Bf4 h6 14. h3 Bd6 15. Bxd6 Qxd6 16. Rad1 Qb4 17. a3 Qb6 18. b4 a5 19. c5 Qa6 20. Qxa6 Rxa6 21.
Rb1 axb4 22. Rxb4 Ra7 23. Rfb1 Rb8 24. Ne5 Rxa3 25. Rxb7 Rxb7 26. Rxb7 Ra1+ 27. Kh2 Ne4 28. f3 Nd2 29. Nxc6 Nf1+ 30. Kg1 Ne3+ 31. Kf2 Nd5 32.
Ne7+ Nxe7 33. Rxe7 Rc1 34. Rd7 Kf8 35. g4 Ke8 36. Rd6 Ke7 37. h4 Rc3 38. h5 e5 39.
dxe5 Rxc5 40. f4 f6 41. Ra6 fxe5 42. fxe5 Rxe5 43. Kf3 Rb5 44. Kf4 Kf7 45. Ra7+ Kf6 46. Ra6+ Kf7 47. Ra7+ Kg8 48. Ra8+ Kh7 49. Ra7 Rc5 50.
Rf7 Rc1 51. Rf5 Kg8 52. Ra5 Rf1+ 53. Kg3 Re1 54. Ra7 Kf8 55. Ra8+ Kf7 56. Ra7+ Kf6 57.
Ra6+ Re6 58. Ra5 Rb6 59. Rf5+ Ke7 60. Re5+ Kf7 61. Rf5+ Rf6 62. Kf4 Ke6 63. Rxf6+ Kxf6 64. Kf3 Kg5 65. Kg3 g6 66. hxg6 Kxg6 67. Kh4 Kg7 68. Kh5 Kh7 69. g5 hxg5 70. Kxg5 1/2-1/2

[Event "Late-Titled-Tuesday-Blitz-January-16-2024"]
[Site "Chess.com"]
[Date "2024.01.16"]
[Round "2"]
[White "arenal72"]
[Black "Zkid"]
[Result "1-0"]
[WhiteElo "2594"]
[BlackElo "2920"]
[TimeControl "180+1"]
[EndTime "14:17:43 PST"]
[Termination "arenal72 won on time"]

1. Nf3 d5 2. g3 Nf6 3. Bg2 c6 4. O-O Bg4 5. d3 Nbd7 6. c4 dxc4 7. dxc4 e5 8. h3 Be6 9. b3 h6 10. Bb2 Qc7 11. Nbd2 Bc5 12. a3 a5 13. b4 axb4 14. axb4 Rxa1 15. Qxa1 Bxb4 16. Rd1 e4 17. Nd4 e3 18.
Nxe6 exf2+ 19. Kxf2 fxe6 20. Qa8+ Nb8 21. Nf3 Ne4+ 22.
Ke3 Nxg3 23. Be5 Nf5+ 24. Kf4 Bd6 25. Rxd6 Nxd6 26. c5 Qf7+ 27. Ke3 Nf5+ 28. Kf2 O-O 29. Bxb8 Qe8 30. Qxb7 Qxb8 31. Qxc6 Qg3+ 32. Kg1 Rf6 33. Qe4 Rg6 34. Ne5 Rg5 35. Ng4 1-0

[Event "Late-Titled-Tuesday-Blitz-January-16-2024"]
[Site "Chess.com"]
[Date "2024.01.16"]
[Round "2"]
[White "maximnovik"]
[Black "dretch"]
[Result "0-1"]
[WhiteElo "2532"]
[BlackElo "2793"]
[TimeControl "180+1"]
[EndTime "14:17:44 PST"]
[Termination "dretch won by checkmate"]

1. e4 e6 2. d4 d5 3. e5 c5 4. c3 Bd7 5. Nf3 Qb6 6. Be2 Bb5 7. dxc5 Bxc5 8. O-O Bxe2 9. Qxe2 Qa6 10.
Qd1 Ne7 11. a4 Qc6 12. b4 Bb6 13. b5 Qc7 14. Ba3 Bc5 15. Bxc5 Qxc5 16. Nbd2 O-O 17. Nb3 Qc4 18. Nbd4 Nd7 19. Re1 Qxc3 20. Rc1 Qa5 21. Ng5 h6 22. Ngxe6 fxe6 23. Nxe6 Rf7 24. Qg4 Qd2 25.
Rcd1 Qxf2+ 26. Kh1 Nxe5 27. Qh3 N5g6 28. Nd4 Raf8 29. Qe6 Kh7 30. h3 Nf4 31. Qg4 Nd3 32. Re2 Rf4 33. Qe6 Qxd4 34. Qxe7 Rf1+ 35. Rxf1 Rxf1+ 36. Kh2 Qf4+ 37. g3 Rf2+ 38. Rxf2 Qxf2+ 39. Kh1 Qxg3 40. Qe2 Nf2+ 41. Qxf2 Qxf2 42. a5 d4 43. b6 d3 44.
a6 d2 45. bxa7 d1=R# 0-1

[Event "Late-Titled-Tuesday-Blitz-January-16-2024"]
[Site "Chess.com"]
[Date "2024.01.16"]
[Round "2"]
[White "argentum049"]
[Black "kai_nov"]
[Result "0-1"]
[WhiteElo "2496"]
[BlackElo "2258"]
[TimeControl "180+1"]
[EndTime "14:17:44 PST"]
[Termination "kai_nov won by checkmate"]

1. e4 c5 2. Nf3 Nc6 3. d4 cxd4 4.
Nxd4 Nf6 5. Nc3 e5 6. Ndb5 d6 7.
a4 a6 8. Na3 Bg4 9. Be2 Bxe2 10.
Qxe2 d5 11. exd5 Nxd5 12. Bd2 Bxa3 13. Rxa3 O-O 14. O-O Re8 15. Ne4 Nd4 16. Qd3 f5 17. Ng3 g6 18. c3 Ne6 19. Re1 Nef4 20. Bxf4 Nxf4 21. Qxd8 Raxd8 22. Nf1 Nd3 23. Rb1 e4 24. Rb3 Rd7 25. a5 Red8 26. Rb6 Kf7 27. Ne3 h5 28. h4 Ne5 29. g3 Nf3+ 30. Kg2 Rc7 31. Rc1 Rd2 32. b4 Rcd7 33. Kf1 Rb2 34. Rc2 Rb1+ 35.
Ke2 Re1# 0-1

[Event "Late-Titled-Tuesday-Blitz-January-16-2024"]
[Site "Chess.com"]
[Date "2024.01.16"]
[Round "2"]
[White "JCVanDamme10"]
[Black "chegueps"]
[Result "0-1"]
[WhiteElo "2323"]
[BlackElo "2695"]
[TimeControl "180+1"]
[EndTime "14:17:45 PST"]
[Termination "chegueps won by resignation"]

1. e4 Nf6 2. e5 Nd5 3. d4 d6 4. Nf3 g6 5. Be2 Bg7 6. O-O O-O 7. exd6 cxd6 8. c4 Nb6 9. Be3 Bg4 10. Nc3 Nc6 11.
b3 d5 12. cxd5 Nxd5 13. Nxd5 Qxd5 14. h3 Bf5 15. Bc4 Qd6 16. Rc1 Rfd8 17. d5 Nb4 18. a3 Na2 19. Ra1 Nc3 20. Qe1 b5 21. Bd2 Nxd5 22. Bxd5 Qxd5 23. Rc1 Bd3 24. Qxe7 Bxf1 25. Rxf1 Qxb3 26. Bb4 Rd1 27. Rxd1 Qxd1+ 28. Kh2 Qd5 29.
Kg1 a5 30. Bc5 Bf8 31. Qf6 Bxc5 32. Ng5 Qd1+ 33. Kh2 Qd6+ 34. Qxd6 Bxd6+ 35. g3 Bxa3 36. Ne4 Be7 37. Kg2 a4 0-1

[Event "Late-Titled-Tuesday-Blitz-January-16-2024"]
[Site "Chess.com"]
[Date "2024.01.16"]
[Round "2"]
[White "ShahMatKanal"]
[Black "trriinu"]
[Result "1-0"]
[WhiteElo "2496"]
[BlackElo "2183"]
[TimeControl "180+1"]
[EndTime "14:17:45 PST"]
[Termination "ShahMatKanal won on time"]

1. g4 d5 2. Bg2 Bxg4 3. c4 Nf6 4. cxd5 Nbd7 5. Nc3 Nb6 6. Qb3 e6 7. dxe6 Bxe6 8. Qc2 c6 9. Nf3 Nfd5 10. d3 Bb4 11. a3 Be7 12. O-O Nxc3 13. bxc3 Bf6 14. Bb2 Nd5 15. e3 O-O 16. c4 Nc7 17. Rab1 Rb8 18.
Kh1 Bg4 19. h3 Bh5 20. Nd4 Bg6 21. Rbd1 Re8 22. Ne2 Ne6 23. f4 Bxb2 24. Qxb2 Nc5 25.
d4 Ne4 26. Kh2 Qh4 27. d5 Bh5 28. Bxe4 Rxe4 29. dxc6 Rxe3 30. Ng1 Qg3+ 31. Kh1 Rbe8 32. cxb7 1-0

[Event "Late-Titled-Tuesday-Blitz-January-16-2024"]
[Site "Chess.com"]
[Date "2024.01.16"]
[Round "2"]
[White "SandwichOSaumon"]
[Black "DarkAlekhine"]
[Result "1-0"]
[WhiteElo "2510"]
[BlackElo "2729"]
[TimeControl "180+1"]
[EndTime "14:17:47 PST"]
[Termination "SandwichOSaumon won by resignation"]

1. e4 c5 2. Nf3 d6 3. d4 cxd4 4. Nxd4 Nf6 5. Nc3 a6 6. a3 e5 7. Nf5 d5 8. Bg5 d4 9. Bxf6 gxf6 10. Nb1 h5 11. Nd2 Nc6 12. Bc4 Be6 13. O-O Qd7 14. Qf3 O-O-O 15. Rfd1 Kb8 16. Rac1 h4 17. h3 Bh6 18.
Bxe6 fxe6 19. Nxh6 Rxh6 20. Nb3 Rg6 21. Kh1 Rdg8 22.
Rg1 Qc7 23. Nc5 Ne7 24. b4 f5 25. c3 Qd6 26. exf5 Nd5 27. fxg6 Rxg6 28. c4 Rf6 29.
Qe4 Rf4 30. Qh7 Nc7 31. Qd7 Qxd7 32. Nxd7+ Ka7 33. Nxe5 Rxf2 34. Nf3 e5 35. Nxe5 Ne6 36. Nf3 d3 37. Nxh4 Ng5 38. Rcd1 d2 39. Nf3 Ne4 40. Kh2 Re2 41. h4 Kb6 42. h5 Nf6 43. Rxd2 Re4 44. Rd4 Re7 45. Rd6+ 1-0

[Event "Late-Titled-Tuesday-Blitz-January-16-2024"]
[Site "Chess.com"]
[Date "2024.01.16"]
[Round "2"]
[White "FoxOnTheRun97"]
[Black "Firouzja2003"]
[Result "0-1"]
[WhiteElo "2639"]
[BlackElo "3167"]
[TimeControl "180+1"]
[EndTime "14:17:48 PST"]
[Termination "Firouzja2003 won by resignation"]

1. d4 Nf6 2. Bg5 d5 3. Nd2 Bf5 4. e3 Nbd7 5. c4 e6 6. Qb3 Be7 7. Ngf3 O-O 8. Be2 a5 9. O-O a4 10. Qc3 h6 11. Bxf6 Nxf6 12. Bd3 Bxd3 13. Qxd3 c6 14.
Ne5 Qc7 15. cxd5 exd5 16. Rac1 Rfe8 17. Rc2 c5 18. b3 axb3 19. axb3 Ra3 20. Qc3 c4 21.
Qb2 b5 22. bxc4 bxc4 23. Ndxc4 dxc4 24. Rxc4 Qb8 25. Qc2 Qb3 26. Qc1 Raa8 27. h3 Bd6 28. f4 Nd5 29. Rf3 Nb6 30. Rc6 Rac8 31. Kh2 Qd5 32. Rxc8 Rxc8 33. Qb1 Nc4 34. Qf5 Rd8 35. Rg3 Nd2 36. Qf6 Bf8 37. Qxh6 Nf1+ 38. Kg1 Nxg3 39.
Qh4 Nf5 40. Qg5 Nxe3 41. Kh2 Qxg2+ 42. Qxg2 Nxg2 43. Kxg2 Rxd4 44. Kf3 Bd6 0-1

[Event "Late-Titled-Tuesday-Blitz-January-16-2024"]
[Site "Chess.com"]
[Date "2024.01.16"]
[Round "2"]
[White "chika-lily"]
[Black "username0932589"]
[Result "0-1"]
[WhiteElo "2757"]
[BlackElo "2545"]
[TimeControl "180+1"]
[EndTime "14:17:48 PST"]
[Termination "username0932589 won on time"]

1. d4 Nf6 2. Nf3 e6 3. Bf4 Be7 4. h3 O-O 5. e3 d6 6. Nbd2 b6 7. Bd3 Bb7 8. O-O Nbd7 9. c3 Re8 10.
a4 Bf8 11. Bh2 e5 12. Bc4 a5 13. dxe5 Nxe5 14. Nxe5 dxe5 15. Qe2 Nd7 16. Rad1 Qe7 17. Nf3 Bxf3 18. Qxf3 Nc5 19. Bxe5 Nxa4 20. Rd4 Nc5 21. Rg4 Ne6 22. Qg3 c6 23. Bxe6 fxe6 24. h4 Red8 25. h5 h6 26. f4 Rd2 27. f5 exf5 28. Rxf5 Ra7 29. Kh2 Rad7 30. Rg6 Kh7 31. Qf4 R2d5 32. Bd4 c5 33. Rxf8 Rxh5+ 34. Kg1 Kxg6 35. Qg4+ Rg5 36.
Qf3 cxd4 0-1

[Event "Late-Titled-Tuesday-Blitz-January-16-2024"]
[Site "Chess.com"]
[Date "2024.01.16"]
[Round "2"]
[White "Tejas_Rama"]
[Black "youngdinousaur"]
[Result "1-0"]
[WhiteElo "2584"]
[BlackElo "2344"]
[TimeControl "180+1"]
[EndTime "14:17:48 PST"]
[Termination "Tejas_Rama won by resignation"]

1. d4 Nf6 2. c4 e6 3. Nf3 d5 4. Nc3 Bb4 5. cxd5 exd5 6. Bg5 Nbd7 7. Qc2 c5 8. e3 Qa5 9. Bd3 c4 10. Bf5 g6 11. Bxd7+ Nxd7 12. e4 Bxc3+ 13. bxc3 O-O 14. e5 f6 15. exf6 Nxf6 16. Bxf6 Rxf6 17. O-O Bf5 18.
Qb2 Rb6 19. Qd2 Re8 20. Ne5 Qa3 21. g4 Rb2 22. Qg5 Bc2 23. Nd7 Qe7 24. Qxd5+ Qe6 25. Qxe6+ Rxe6 26. Ne5 Bd3 27. Rfd1 Be4 28. Nxc4 Rc2 29.
Rdc1 Rc6 30. Rxc2 Bxc2 31. Ne3 Be4 32. c4 Rb6 33. c5 Rb2 34. Rd1 Kf7 35. d5 Ke7 36.
d6+ Kd7 37. Nc4 Rxa2 38. Ne5+ Ke6 39. d7 Kxe5 40. d8=Q Bf3 41. Qd6+ Ke4 42. Qe6+ Kf4 43. Rd4+ Kg5 44. Qxa2 1-0

[Event "Late-Titled-Tuesday-Blitz-January-16-2024"]
[Site "Chess.com"]
[Date "2024.01.16"]
[Round "2"]
[White "Igor_Lysyj"]
[Black "JG-17"]
[Result "1-0"]
[WhiteElo "2866"]
[BlackElo "2464"]
[TimeControl "180+1"]
[EndTime "14:17:49 PST"]
[Termination "Igor_Lysyj won by resignation"]

1. d4 d5 2. c4 e6 3. Nf3 Nf6 4. g3 Be7 5. Bg2 O-O 6. O-O dxc4 7.
Ne5 Nc6 8. Nxc6 bxc6 9. Na3 Bxa3 10. bxa3 Ba6 11. Bxc6 Rb8 12. Qa4 Qc8 13. Bg5 Rb6 14. Bxf6 gxf6 15. e4 Bb7 16. Bxb7 Qxb7 17. Qxc4 Qxe4 18.
Qxc7 Ra6 19. Qc5 Rd8 20. Rad1 Rad6 21. Rfe1 Qd5 22. Qxa7 Qxa2 23. Qe7 f5 24. d5 Rxd5 25. Qxd8+ Rxd8 26. Rxd8+ Kg7 27. Re3 Qc2 28. Rd4 Qc1+ 29.
Kg2 Qc6+ 30. Kf1 Qc1+ 31. Ke2 Qc2+ 32. Rd2 Qc4+ 33. Ke1 Qc1+ 34. Rd1 Qc4 35. Ra1 f4 36. gxf4 Qxf4 37. h3 Qa4 38. Kf1 f5 39. Kg1 e5 40.
Rxe5 Qf4 41. Re3 Qg5+ 42. Rg3 1-0

[Event "Late-Titled-Tuesday-Blitz-January-16-2024"]
[Site "Chess.com"]
[Date "2024.01.16"]
[Round "2"]
[White "Chessbard1972"]
[Black "The_Sherman_Variation"]
[Result "0-1"]
[WhiteElo "2401"]
[BlackElo "2692"]
[TimeControl "180+1"]
[EndTime "14:17:49 PST"]
[Termination "The_Sherman_Variation won on time"]

1. e4 c5 2. Nc3 g6 3. f4 Nc6 4. Nf3 Bg7 5. Bc4 e6 6. d3 Nge7 7. a4 d5 8. Ba2 O-O 9. O-O a6 10. Kh1 Rb8 11. f5 gxf5 12. exd5 exd5 13. Bg5 Be6 14. Nh4 Qd7 15. Bf4 Rbd8 16. Nf3 Ng6 17. Bg5 Rb8 18. Qd2 b5 19. axb5 axb5 20. Bh6 b4 21. Na4 Qd6 22. Bxg7 Kxg7 23. Qf2 d4 24. Nh4 f4 25. Bc4 Nce5 26. b3 Rbc8 27. Rae1 Rfe8 28. Nxg6 Nxg6 29. Re4 Bxc4 30. bxc4 Rxe4 31. dxe4 Qc6 32.
Nb2 Qxe4 33. Nd3 b3 34. Re1 Qf5 35. Rb1 bxc2 36. Qxc2 f3 37. Rf1 fxg2+ 38. Kxg2 Qe4+ 39. Kg1 Ra8 40. Qd2 Ra3 41. Nxc5 Qg4+ 42. Qg2 Qc8 43. Qg5 Qc6 44. h4 Rh3 0-1